Map: Ascension to Aiur LE

Players

SpookyBeard

  • Race: Terran Terran
  • League: Platinum
  • Spawn Location: 11:00

axu - Winner!

  • Race: Protoss Protoss
  • League: Platinum
  • Spawn Location: 5:00

VOD

Have the link to the VOD?

Description

Time

  • Played on: Jan. 10, 2018, 11:37 a.m.
  • Length: 8:25
Show
View Real Time Build Order
Export as new Build Order

SpookyBeard Terran 

Build Orders: Cyclone Opening 

Get SALT Encoding   

  12  0:02  SCV  
  13  0:14  SCV  
  13  0:20  Supply Depot  
  14  0:26  SCV  
  15  0:42  SCV  
  16  0:46  Barracks  
  16  0:50  Refinery  
  16  0:55  Refinery  
  16  0:59  SCV  
  17  1:12  SCV  
  18  1:24  SCV  
  19  1:38  Factory  
  19  1:41  Orbital Command  
  19  1:46  Barracks Reactor  
  19  1:50  Supply Depot  
  19  2:07  SCV  
  20  2:15  Supply Depot  
  20  2:31  Barracks Tech Lab  
  20  2:33  Cyclone  
  20  2:34  Cyclone  
  26  2:41  SCV  
  27  3:06  Cyclone x2  
  27  3:08  Marauder  
  29  3:37  Marauder  
  29  3:38  Cyclone  
  27  3:59  Cyclone  
  27  4:10  Cyclone  
  27  4:59  Cyclone x2  
  33  5:01  Marauder  
  35  5:10  Barracks  
  35  5:22  Marauder  
  35  5:26  SCV  
  38  5:33  Barracks  
  38  5:38  Supply Depot, SCV  
  39  5:43  Cyclone  
  39  5:46  Cyclone  
  37  5:50  SCV  
  37  5:55  Concussive Shells  
  35  6:00  Barracks Reactor  
  35  6:03  SCV  
  36  6:13  Marauder  
  36  6:15  Cyclone  
  41  6:34  Cyclone  
  44  6:50  Barracks Tech Lab  
  44  6:55  Command Center  
  44  6:59  Marauder  
  46  7:16  Bunker  
  46  7:17  Marine  
  47  7:44  Marine  
Show
View Real Time Build Order
Export as new Build Order

axu Protoss - Winner!

Build Orders: 1 Gate Expand 

Get SALT Encoding   

  12  0:02  Probe  
  14  0:14  Probe  
  14  0:20  Pylon  
  14  0:26  Probe  
  15  0:38  Probe  
  15  0:41  Gateway  
  16  0:50  Probe  
  16  0:53  Assimilator  
  17  1:04  Probe  
  18  1:16  Probe  
  19  1:24  Nexus  
  19  1:44  Cybernetics Core  
  19  1:45  Probe  
  20  1:52  Gateway  
  20  1:56  Assimilator  
  20  1:57  Probe  
  20  1:58  Pylon  
  21  2:09  Probe  
  21  2:15  Pylon  
  22  2:18  Gateway  
  22  2:21  Probe  
  23  2:22  Shield Battery  
  23  2:34  Probe  
  23  2:37  Stalker x2 (Chrono Boost)  
  28  2:46  Probe  
  29  2:59  Stalker (Chrono Boost)  
  29  3:02  Warp Gate  
  29  3:05  Stalker (Chrono Boost)  
  35  3:13  Stalker (Chrono Boost)  
  35  3:14  Probe  
  35  3:38  Pylon  
  33  3:56  Stalker (Chrono Boost)  
  33  4:12  Forge  
  31  4:23  Stalker x3 (Chrono Boost), Pylon  
  33  4:35  Pylon  
  35  5:01  Pylon  
  35  5:03  Shield Battery  
  33  5:12  Protoss Ground Weapons Level 1  
  33  5:20  Pylon  
  33  5:22  Stalker  
  33  5:25  Stalker x2, Pylon  
  39  5:34  Robotics Facility  
  33  5:54  Stalker  
  33  6:05  Adept x2  
  37  6:30  Immortal (Chrono Boost)  
  41  6:36  Zealot  
  41  6:37  Zealot x2  
  47  6:55  Immortal (Chrono Boost)  
  47  7:00  Zealot x3  
  57  7:07  Twilight Council  
  57  7:33  Observer  
  52  7:59  Zealot  
  52  8:00  Zealot x2  
Tags
 
Add a new tag
Caveats
  • Supply blocks, unpowered buildings, or Contaminate may cause inaccurate times.
  • Supply counts are checked every 10 seconds.